 Dungeon Crawl Stone Soup version 0.26-a0-737-g4e9f4955e2 (webtiles) character file.

Game seed: 17105933267563527025

504843 Kinoniko the Champion of Chaos (level 25, 27/168 HPs)
             Began as a Gargoyle Monk on Nov 4, 2020.
             Was the Champion of Makhleb.
             Quit the game on level 2 of the Abyss on Nov 9, 2020.
             The game lasted 01:35:44 (46474 turns).

Kinoniko the Champion of Chaos (Gargoyle Monk)     Turns: 46474, Time: 01:35:45

Health: 27/168     AC: 45    Str: 23      XL:     25   Next: 31%
Magic:  4/37       EV: 10    Int: 10 (11) God:    Makhleb [******]
Gold:   5254       SH: 29    Dex: 14      Spells: 24/24 levels left

rFire    + . .     SeeInvis .   T - +9 eveningstar (flame)
rCold    + . .     Faith    .   W - +8 tower shield {reflect}
rNeg     + + .     Spirit   +   s - +0 gold dragon scales
rPois    ∞         Reflect  +   C - +2 hat {MR+}
rElec    +         Harm     .   I - +2 cloak {rCorr}
rCorr    +         Rampage  .   E - +1 pair of gloves
MR       +....     Clarity  +   u - +1 pair of boots
Stlth    ..........             D - amulet of Maidyot {Spirit rElec rN+ Str+2 Int-2}
HPRegen  0.38/turn              n - +4 ring of slaying
MPRegen  0.25/turn              x - +4 ring of evasion

@: vulnerable, berserk cooldown, slowed, very slow
A: antennae 1, big wings, clarity, clumsy 1, magic resistance 1, negative energy
resistance 1, electricity resistance, unbreathing, petrification resistance, rot
immunity, AC +19
}: 2/15 runes: decaying, barnacled
a: Fly, Minor Destruction, Lesser Servant of Makhleb, Major Destruction, Greater
Servant of Makhleb, Renounce Religion


You were on level 2 of the Abyss.
You worshipped Makhleb.
Makhleb was exalted by your worship.
You visited 8 branches of the dungeon, and saw 41 of its levels.
You visited the Abyss 2 times.
You also visited: Bailey, Gauntlet, Ice Cave and Volcano.

You collected 5776 gold pieces.
You spent 522 gold pieces at shops.

Inventory:

Hand Weapons
 h - a +6 demon whip of freezing
 T - a +9 eveningstar of flaming (weapon)
Missiles
 N - 15 silver javelins (quivered)
Armour
 s - +0 gold dragon scales (worn)
 u - a +1 pair of boots (worn)
 C - a +2 hat of magic resistance (worn)
 E - a +1 pair of gloves (worn)
 I - a +2 cloak of preservation (worn)
 L - a +4 scale mail of fire resistance
 W - a +8 tower shield of reflection (worn)
Jewellery
 f - an uncursed ring of protection from cold
 k - an uncursed ring of stealth
 m - an uncursed ring of protection from cold
 n - a +4 ring of slaying (left hand)
 p - a +4 ring of protection
 x - a +4 ring of evasion (right hand)
 A - an uncursed amulet of regeneration
 D - the amulet of Maidyot (around neck) {Spirit rElec rN+ Str+2 Int-2}
   (You acquired it on level 4 of the Swamp)

   [amulet of guardian spirit]

   It causes incoming damage to be split between your health and magic.
   It affects your strength (+2).
   It affects your intelligence (-2).
   It insulates you from electricity.
   It protects you from negative energy.
 G - an uncursed ring of protection from fire
 U - the ring of Eternal Night {Str+5 Int+6}
   (You took it off a fire giant on level 4 of the Depths)

   [ring of intelligence]

   It affects your strength (+5).
   It affects your intelligence (+6).
 X - an uncursed ring of see invisible
Wands
 l - a wand of digging (7)
 o - a wand of polymorph (10)
 M - a wand of iceblast (9)
 Q - a wand of flame (63)
 R - a wand of acid (29)
Scrolls
 a - 15 scrolls of amnesia
 b - 2 scrolls of identify
 c - 3 scrolls of fear
 g - 4 scrolls of holy word
 r - 24 scrolls of teleportation
 y - 15 scrolls of remove curse
 z - a scroll of magic mapping
 V - 4 scrolls of fog
Potions
 d - 3 potions of ambrosia
 e - 3 potions of curing
 j - 11 potions of stabbing
 t - 2 potions of mutation
 v - 3 potions of resistance
 B - 5 potions of might
 F - 6 potions of haste
 H - 3 potions of cancellation
 S - 3 potions of invisibility
Miscellaneous
 i - a phantom mirror
 q - a condenser vane (2/2)
 w - a condenser vane (2/2)
 J - a lightning rod (4/4)
 O - a tin of tremorstones (3/3)
 P - a box of beasts (3/3)


   Skills:
 + Level 19.7 Fighting
 + Level 19.9 Maces & Flails
 - Level 7.3 Armour
 - Level 8.4 Dodging
 - Level 2.1 Stealth
 + Level 16.6 Shields
 + Level 20.1 Invocations
 * Level 16.1 Evocations


You had 24 spell levels left.
You didn't know any spells.
Your spell library contained the following spells:

 Spells                   Type           Power        Failure   Level
 Animate Skeleton         Necr           #.....       100%        1
 Apportation              Tloc           #.....       100%        1
 Beastly Appendage        Tmut           #.....       100%        1
 Corona                   Hex            #......      100%        1
 Pain                     Necr           #...         100%        1
 Sandblast                Erth           #.....       100%        1
 Sting                    Tmut/Pois      #...         100%        1
 Summon Small Mammal      Summ           #...         100%        1
 Ensorcelled Hibernation  Hex/Ice        #.....       100%        2
 Passwall                 Tmut/Erth      #.......     100%        2
 Poisonous Vapours        Pois/Air       #.....       100%        2
 Swiftness                Air            #.......     100%        2
 Wereblood                Tmut           #.......     100%        2
 Confusing Touch          Hex            #.......     100%        3
 Gell's Gravitas          Tloc           #.........   100%        3
 Ignite Poison            Fire/Tmut/Pois #.......     100%        3
 Mephitic Cloud           Conj/Pois/Air  #.......     100%        3
 Portal Projectile        Hex/Tloc       #.....       100%        3
 Spider Form              Tmut/Pois      #.........   100%        3
 Vampiric Draining        Necr           #.........   100%        3
 Animate Dead             Necr           #.........   100%        4
 Cause Fear               Hex            #.........   100%        4
 Ice Form                 Ice/Tmut       #.......     100%        4
 Leda's Liquefaction      Hex/Erth       #.........   100%        4
 Olgreb's Toxic Radiance  Pois           #.......     100%        4
 Passage of Golubria      Tloc           N/A          100%        4
 Petrify                  Tmut/Erth      #.......     100%        4
 Agony                    Necr           #.......     100%        5
 Blade Hands              Tmut           #.........   100%        5
 Bolt of Magma            Conj/Fire/Erth #.........   100%        5
 Borgnjor's Vile Clutch   Necr/Erth      #.........   100%        5
 Irradiate                Conj/Tmut      #.........   100%        5
 Lee's Rapid Deconstruct  Erth           #.........   100%        5
 Metabolic Englaciation   Hex/Ice        #.........   100%        5
 Silence                  Hex/Air        #.........   100%        5
 Yara's Violent Unravell  Hex/Tmut       #.........   100%        5
 Dispersal                Tloc           #.........   100%        6
 Hydra Form               Tmut           #.........   100%        6
 Invisibility             Hex            #.......     100%        6
 Iron Shot                Conj/Erth      #.........   100%        6
 Shadow Creatures         Summ           N/A          100%        6
 Dragon Form              Tmut           #.........   100%        7
 Malign Gateway           Summ/Tloc      #.........   100%        7
 Monstrous Menagerie      Summ           #.........   100%        7
 Summon Greater Demon     Summ           #.........   100%        7
 Discord                  Hex            #.........   100%        8
 Disjunction              Tloc           #.........   100%        8
 Summon Horrible Things   Summ           #.........   100%        8
 Shatter                  Erth           #.........   100%        9
 Statue Form              Tmut/Erth      Unusable     N/A         6

Dungeon Overview and Level Annotations

Branches:
Dungeon (15/15)            Temple (1/1) D:6            Lair (6/6) D:8
  Swamp (4/4) Lair:2       Shoals (4/4) Lair:4        Slime (0/5) Lair:5
    Orc (2/2) D:9             Elf (0/3) Orc:2        Vaults (4/5) D:14
  Crypt (0/3) Vaults:2     Depths (5/5) D:15            Zot (0/5) Depths:5
 Bailey (visited)           IceCv (visited)         Volcano (visited)
Gauntlet (visited)
  Snake: Lair:2-4    Spider: Lair:2-4

Altars:
Ashenzari
Cheibriados
Elyvilon
Hepliaklqana
Kikubaaqudgha
Makhleb
Okawaru
Qazlal
Sif Muna
Trog
Uskayaw
Vehumet
Wu Jian
Yredelemnul
The Shining One
Beogh
Jiyva

Shops:
D:6 (   D:7 (   D:11 *   D:12 !   Orc:2 *([(:   Shoals:1 ?   Shoals:2 *
Vaults:2 !

Portals:
Hell: Depths:1 Depths:2 Depths:3 Depths:4
Abyss: Depths:4
Pandemonium: Depths:3
Ziggurat: Depths:1
Trove: Vaults:1 (give 15 potions of curing)

Annotations:
D:9 1 runed translucent door, hemabe71's ghost, novice HuAr
D:12 3 runed translucent doors, flt's ghost, journeyman OgHu
Depths:3 8 runed translucent doors


Innate Abilities, Weirdness & Mutations

You are resistant to torment.
Your stone body is resilient. (AC +19)
You are immune to poison.
Your large and strong wings let you fly indefinitely.
You resist negative energy. (rN+)
You are resistant to electric shocks. (rElec)
You can survive without breathing.
You are immune to petrification.
You are immune to rotting.
You have a pair of small antennae on your head.
You possess an exceptional clarity of mind.
You are clumsy. (Dex -2)
You are resistant to hostile enchantments. (MR+)


Message History

You feel better.
Your surroundings suddenly seem different.
A red draconian annihilator comes into view.
It is wielding a +0 long sword.
The red draconian annihilator roars!
A polar bear comes into view.
The polar bear growls angrily.
A deep elf demonologist comes into view.
It is wielding a +0 long sword.
The deep elf demonologist shouts!
The deep elf demonologist gestures at you while chanting.
You are cast into the Abyss!
To return, you must find a gate leading back.
Killing monsters will force the Abyss to allow you passage.
This branch contains the abyssal rune of Zot.
Reactivating autopickup.
Found a scroll of identify.
Found a gateway leading deeper into the Abyss.
A kraken comes into view.
Unknown command.
Unknown command.
Are you sure you want to abandon this character and quit the game? (Confirm with "yes".)

.....#.....
..........
≈..≈≈≈.... .
≈≈≈≈.≈≈.. ..
≈≈≈≈≈≈≈.. #∩..
≈≈≈≈≈≈≈.##..#
≈≈≈≈≈≈≈≈....#..
≈≈>≈≈≈≈@.......
≈≈≈X≈≈≈........
≈≈≈≈≈≈≈...#....
≈≈≈≈≈≈.≈..# ...
≈≈≈≈≈≈..#.. .
.≈≈≈≈......#
..?...#.....
....#........


You could see a kraken (asleep).

Vanquished Creatures
  Mara (Swamp:4)
  A juggernaut (Depths:2)
  Boris (Depths:3)
  2 caustic shrikes
  A golden dragon (Depths:2)
  A bone dragon (Abyss:2)
  A profane servitor (Abyss:2)
  3 tentacled monstrosities
  A lich (Depths:3)
  A quicksilver dragon (Depths:2)
  A titan (Depths:4)
  4 sphinxes
  A kraken (Shoals:3)
  Frances (D:13)
  2 tengu reavers
  Roxanne (Swamp:4)
  5 fire giants
  A fenstrider witch (Swamp:3)
  2 deep elf sorcerers
  2 frost giants
  An orc warlord (Bailey)
  An iron dragon (Depths:4)
  5 vault wardens
  Aizul (Swamp:4)
  A draconian shifter (Abyss:2)
  A reaper (Depths:3)
  11 ironheart preservers
  3 entropy weavers
  9 very ugly things
  A caustic shrike skeleton (Depths:5)
  11 stone giants
  2 vampire knights
  2 bunyips
  2 green draconians (Swamp:3)
  2 spark wasps
  A minotaur (Gauntlet)
  2 deep elf annihilators
  A minotaur (shapeshifter) (Depths:5)
  11 ettins
  3 merfolk javelineers (Shoals:4)
  3 jiangshi (Depths:3)
  9 merfolk impalers
  A deep elf death mage (Vaults:3)
  A crystal guardian (Vaults:4)
  2 eleionomae
  9 fire dragons
  2 shambling mangroves (Swamp:4)
  Josephine (D:12)
  12 ice dragons
  27 hydras
  12 great orbs of eyes
  11 rakshasas
  11 yaktaur captains
  Fannar (D:10)
  3 ghost crabs
  7 boulder beetles
  10 vault guards
  2 catoblepae
  3 spriggan air magi
  10 alligators
  17 centaur warriors
  5 merfolk avatars
  2 death knights
  3 satyrs
  2 alligator snapping turtles
  5 deep troll shamans
  4 merfolk aquamancers
  13 ogre magi
  A vampire mage (Depths:3)
  41 two-headed ogres
  3 goliath frogs
  A hell hog (Volcano)
  5 deep troll earth magi
  11 tengu warriors
  Urug (Lair:4)
  3 spriggan berserkers
  Nergalle (D:11)
  A sun demon (Depths:3)
  A soul eater (Gauntlet)
  6 deep elf knights
  A titan skeleton (Depths:1)
  2 shadow wraiths
  9 skeletal warriors
  5 spriggan druids
  14 hell knights
  A death drake (shapeshifter) (D:15)
  3 unseen horrors
  22 deep trolls
  2 wizards
  12 swamp dragons
  A gelid demonspawn (Depths:3)
  4 flayed ghosts
  A swamp dragon (shapeshifter) (Vaults:3)
  6 large abominations
  3 glowing orange brains
  13 sea snakes
  31 harpies
  3 bog bodies
  3 deep elf archers
  13 orc knights
  2 lindwurms (Lair:6)
  8 necromancers
  2 phantasmal warriors
  9 ironbrand convokers
  A harpy (shapeshifter) (Vaults:2)
  12 deep elf magi
  A tengu zombie (Depths:1)
  14 cyclopes
  2 oklob plants (Lair:2)
  42 ugly things
  3 wolf spiders
  11 orc sorcerers
  A worldbinder (Abyss:2)
  14 manticores
  A frost giant zombie (Depths:1)
  3 merfolk sirens
  2 will-o-the-wisps (Swamp:1)
  7 water nymphs
  An iron dragon skeleton (Abyss:2)
  A black mamba (shapeshifter) (Vaults:4)
  A centaur zombie (D:14)
  4 black mambas
  6 gargoyles
  20 elephants
  2 molten gargoyles (Volcano)
  10 vault sentinels
  An elephant (shapeshifter) (D:14)
  5 eyes of devastation (Depths:1)
  3 centaur skeletons (D:15)
  6 torpor snails (Lair:6)
  2 yaktaur zombies (Vaults:2)
  4 orange demons (D:15)
  22 cane toads
  4 rime drakes
  3 kobold demonologists
  An efreet (Abyss:2)
  Maggie (D:10)
  4 ice devils
  30 yaktaurs
  A rime drake (shapeshifter) (Depths:1)
  15 komodo dragons
  A komodo dragon (shapeshifter) (Vaults:1)
  A hellwing (Depths:3)
  5 freezing wraiths
  A harpy zombie (D:14)
  A troll (shapeshifter) (Depths:4)
  A yaktaur skeleton (Vaults:3)
  A bloated husk (Swamp:3)
  A jumping spider (Vaults:2)
  A meliai (shapeshifter) (Vaults:1)
  3 meliai (D:15)
  4 tengu conjurers
  31 merfolk
  16 hornets
  18 tyrant leeches
  11 polar bears
  A queen bee (shapeshifter) (Vaults:2)
  8 wind drakes (Shoals:4)
  12 trolls
  2 blink frogs (shapeshifter)
  A slime creature (shapeshifter) (Vaults:3)
  16 blink frogs
  10 snapping turtles
  4 raiju
  24 dream sheep
  A meliai zombie (D:14)
  31 slime creatures
  A dream sheep (shapeshifter) (Depths:4)
  7 small abominations
  4 redbacks
  2 vampires (D:15)
  A shadow (D:12)
  2 tarantellas (shapeshifter) (D:15)
  A spriggan (shapeshifter) (Vaults:1)
  3 spriggan skeletons (Depths:1)
  9 wyverns
  14 water elementals
  9 wraiths
  8 spriggans
  Eustachio (D:6)
  A tarantella (Vaults:2)
  A fire dragon skeleton (Depths:1)
  3 golden eyes (Depths:1)
  80 yaks
  A fire bat (Volcano)
  17 vampire mosquitoes
  8 steam dragons
  12 basilisks
  A spriggan simulacrum (Depths:1)
  19 swamp worms
  Edmund (D:5)
  2 soldier ants (shapeshifter)
  16 wargs
  A deep troll zombie (Vaults:3)
  3 acid dragons
  A soldier ant (D:13)
  A floating eye (Depths:1)
  21 hell hounds
  8 water moccasins
  A water moccasin (shapeshifter) (Depths:4)
  An ettin simulacrum (Vaults:2)
  5 ice beasts
  9 swamp drakes
  4 sky beasts
  38 orc warriors
  15 black bears
  A black bear (shapeshifter) (D:13)
  5 eyes of draining
  34 ogres
  4 phantoms
  19 wolves
  A human skeleton (Vaults:2)
  4 boggarts
  22 centaurs
  2 big kobolds
  Blork the orc (D:5)
  A gnoll sergeant (D:10)
  A wyvern zombie (D:9)
  14 bullfrogs
  9 scorpions
  A wyvern skeleton (D:14)
  16 killer bees
  22 wights
  3 bullfrog zombies
  2 quasits
  3 lava snakes
  4 jellies
  6 hounds
  14 orc priests
  2 bullfrog skeletons
  An iron imp (Abyss:2)
  40 orc wizards
  5 iguanas
  7 hell rats (Lair:5)
  6 worker ants
  2 worker ant zombies (D:10)
  20 gnolls
  16 adders
  4 shadow imps
  7 white imps
  5 ufetubi
  2 oozes
  An adder skeleton (D:6)
  2 worms (D:2)
  A dart slug (D:1)
  8 leopard geckos
  An orc (shapeshifter) (Depths:3)
  129 orcs
  7 bats
  8 giant cockroaches
  19 hobgoblins
  11 jackals
  11 kobolds
  7 quokkas
  A ball python (D:6)
  6 frilled lizards
  31 goblins
  A leopard gecko zombie (D:5)
  A quokka skeleton (D:7)
  9 rats
  A plant (Lair:6)
  4 tentacles (Shoals:3)
1901 creatures vanquished.

Vanquished Creatures (collateral kills)
  3 elephants (Lair:4)
  A rime drake (Lair:4)
  A blink frog (Lair:2)
5 creatures vanquished.

Vanquished Creatures (others)
  Nikola (Swamp:4)
  An ironheart preserver (Vaults:4)
  An ogre mage (Depths:3)
  A deep elf knight (Vaults:4)
  A fire crab (shapeshifter) (Vaults:2)
  2 swamp dragons
  4 bloated husks
  A raiju (shapeshifter) (Vaults:2)
  A vampire mosquito (Swamp:1)
  An ogre (Depths:3)
  3 ufetubi (IceCv)
  2 kobolds (D:12)
  A fire vortex (Lair:5)
  4 foxfires (Swamp:1)
  28 fungi
  56 plants
  4 tentacles (Shoals:3)
112 creatures vanquished.

Grand Total: 2018 creatures vanquished

Notes
Turn   | Place    | Note
-------+----------+-------------------------------------------
     0 | D:1      | Kinoniko the Gargoyle Monk began the quest for the Orb.
     0 | D:1      | Reached XP level 1. HP: 14/14 MP: 1/1
   153 | D:1      | Reached XP level 2. HP: 19/19 MP: 2/2
   535 | D:1      | Reached XP level 3. HP: 24/24 MP: 3/3
   999 | D:2      | Found a faded altar of an unknown god.
  1158 | D:2      | Reached XP level 4. HP: 23/29 MP: 4/4
  1650 | D:2      | Found a snail-covered altar of Cheibriados.
  1796 | D:3      | Found a hazy altar of Hepliaklqana.
  2075 | D:3      | Reached XP level 5. HP: 33/34 MP: 5/5
  2417 | D:3      | Reached skill level 5 in Maces & Flails
  2848 | D:4      | Reached XP level 6. HP: 23/40 MP: 6/6
  3125 | D:4      | Reached skill level 5 in Fighting
  3684 | D:5      | Entered Level 5 of the Dungeon
  3717 | D:5      | Noticed an ice beast
  3752 | D:5      | Killed an ice beast
  3752 | D:5      | Reached XP level 7. HP: 32/44 MP: 7/7
  3897 | D:5      | Noticed Edmund
  3926 | D:5      | Killed Edmund
  4443 | D:5      | Noticed Blork the orc
  4453 | D:5      | Killed Blork the orc
  4473 | D:5      | Reached XP level 8. HP: 50/52 MP: 8/8
  4633 | D:6      | Found an iron altar of Okawaru.
  4633 | D:6      | Found a staircase to the Ecumenical Temple.
  4649 | Temple   | Entered the Ecumenical Temple
  4716 | Temple   | Became a worshipper of Makhleb the Destroyer
  4716 | Temple   | Reached * piety under Makhleb
  4716 | Temple   | Reached ** piety under Makhleb
  4793 | D:6      | Found Quhoph's Antique Weapon Emporium.
  4897 | D:6      | Found a basalt altar of Yredelemnul.
  5140 | D:6      | Noticed Eustachio
  5155 | D:6      | Killed Eustachio
  5155 | D:6      | Reached skill level 1 in Armour
  5522 | D:6      | Found a radiant altar of Vehumet.
  5640 | D:7      | Reached XP level 9. HP: 57/57 MP: 9/9
  5668 | D:7      | Found Ceowuguf's Antique Weapon Shoppe.
  5679 | D:7      | Reached skill level 1 in Invocations
  6139 | D:7      | Found a burning altar of Makhleb.
  6353 | D:7      | Found a shimmering blue altar of Sif Muna.
  6471 | D:8      | Reached skill level 2 in Invocations
  6755 | D:8      | Reached skill level 10 in Maces & Flails
  6755 | D:8      | Reached skill level 3 in Invocations
  6852 | D:8      | Found a staircase to the Lair.
  6866 | D:8      | Reached skill level 4 in Invocations
  7144 | D:9      | Noticed a moth of wrath
  7147 | D:9      | Found a bloodstained altar of Trog.
  7182 | D:9      | Reached *** piety under Makhleb
  7215 | D:9      | Noticed a troll
  7220 | D:9      | Killed a troll
  7246 | D:9      | Reached skill level 5 in Invocations
  7271 | D:9      | Reached XP level 10. HP: 65/65 MP: 13/13
  7326 | D:9      | Noticed a two-headed ogre
  7333 | D:9      | Killed a two-headed ogre
  7333 | D:9      | Reached skill level 6 in Invocations
  7512 | D:9      | Found a runed translucent door.
  7705 | D:9      | Found a broken altar of Ashenzari.
  7809 | D:9      | Found a staircase to the Orcish Mines.
  7821 | D:9      | Noticed hemabe71's ghost (novice HuAr)
  7821 | D:9      | Identified the cursed +3 spear of Untruth {holy, Dex+4}
  8054 | Lair:1   | Entered Level 1 of the Lair of Beasts
  8069 | Lair:1   | Reached skill level 7 in Invocations
  8124 | Lair:1   | Noticed a six-headed hydra
  8137 | Lair:1   | Killed a six-headed hydra
  8137 | Lair:1   | Reached skill level 8 in Invocations
  8137 | Lair:1   | Reached XP level 11. HP: 71/71 MP: 15/17
  8154 | Lair:1   | Found a frozen archway.
  8178 | Lair:1   | Reached **** piety under Makhleb
  8185 | IceCv    | Entered an ice cave
  8523 | Lair:1   | Noticed a six-headed hydra
  8544 | Lair:1   | Killed a six-headed hydra
  8544 | Lair:1   | Reached skill level 10 in Fighting
  8544 | Lair:1   | Reached skill level 9 in Invocations
  9073 | Lair:1   | Reached skill level 10 in Invocations
  9323 | Lair:1   | Got a fine ring mail
  9324 | Lair:1   | Identified the +3 ring mail of the Monkey {-Cast +Blink
                  | +Fly Dex+2} (You found it on level 1 of the Lair of Beasts)
  9693 | Lair:2   | Found a dark tunnel.
  9701 | Volcano  | Entered a volcano
  9870 | Volcano  | Found a bloodstained altar of Trog.
  9870 | Volcano  | Noticed a hell hog
  9886 | Volcano  | Killed a hell hog
  9886 | Volcano  | Reached XP level 12. HP: 38/79 MP: 19/19
  9937 | Volcano  | Noticed a fire dragon
  9955 | Volcano  | HP: 3/79 [fire dragon/blast of flame (50)]
  9956 | Volcano  | Killed a fire dragon
 10194 | Lair:2   | Reached skill level 11 in Invocations
 10469 | Lair:2   | Noticed a seven-headed hydra
 10477 | Lair:2   | Killed a seven-headed hydra
 10785 | Lair:2   | Noticed a five-headed hydra
 10786 | Lair:2   | Noticed a seven-headed hydra
 10797 | Lair:2   | Killed a five-headed hydra
 10801 | Lair:2   | Killed a seven-headed hydra
 11255 | Lair:2   | Found a staircase to the Swamp.
 11360 | Lair:2   | Reached skill level 12 in Invocations
 12047 | Lair:3   | Reached XP level 13. HP: 62/84 MP: 22/22
 12234 | Lair:3   | Reached ***** piety under Makhleb
 12539 | Lair:4   | Found a staircase to the Shoals.
 12601 | Lair:4   | Noticed Urug
 12604 | Lair:4   | Reached skill level 13 in Invocations
 13420 | D:6      | Bought a runed eveningstar for 522 gold pieces
 13769 | Lair:4   | Killed Urug
 13769 | Lair:4   | Reached skill level 15 in Maces & Flails
 14877 | Lair:5   | Reached skill level 14 in Invocations
 14892 | Lair:5   | Gained mutation: Your large and strong wings let you fly
                  | indefinitely. [Gargoyle growth]
 14892 | Lair:5   | Reached XP level 14. HP: 92/92 MP: 24/24
 15082 | Lair:5   | Found a staircase to the Slime Pits.
 15084 | Lair:5   | Found a viscous altar of Jiyva.
 15255 | Lair:5   | Got a slimy leather armour
 15256 | Lair:5   | Identified the +3 leather armour "Morphy" {rElec rN+
                  | Stlth+} (You found it on level 5 of the Lair of Beasts)
 15544 | Lair:6   | Entered Level 6 of the Lair of Beasts
 15623 | Lair:6   | Reached ****** piety under Makhleb
 15918 | Lair:6   | Reached skill level 15 in Invocations
 16593 | Lair:6   | Reached XP level 15. HP: 100/100 MP: 26/26
 16884 | Lair:6   | Found a runed translucent door.
 17588 | D:10     | Entered Level 10 of the Dungeon
 18321 | D:10     | Noticed Fannar
 18329 | D:10     | Killed Fannar
 18329 | D:10     | Reached skill level 5 in Armour
 18362 | D:10     | Noticed Maggie
 18370 | D:10     | Killed Maggie
 18891 | D:11     | Noticed Nergalle
 18903 | D:11     | Killed Nergalle
 18971 | D:11     | Found a stormy altar of Qazlal.
 19003 | D:11     | Found a gate leading to a gauntlet.
 19012 | Gauntlet | Entered a Gauntlet
 19012 | Gauntlet | Found a transporter.
 19012 | Gauntlet | Found a transporter.
 19012 | Gauntlet | Found a transporter.
 19045 | Gauntlet | Found a transporter.
 19055 | Gauntlet | Found a transporter.
 19059 | Gauntlet | Found a transporter.
 19069 | Gauntlet | Found a transporter.
 19090 | Gauntlet | Found a transporter.
 19108 | Gauntlet | Found a transporter.
 19112 | Gauntlet | Found a transporter.
 19132 | Gauntlet | Found a transporter.
 19136 | Gauntlet | Found a transporter.
 19231 | Gauntlet | Got a scintillating copper ring
 19313 | Gauntlet | Got a pair of bloodstained gloves
 19326 | Gauntlet | Identified the +2 pair of gloves of Beyond {rElec rF- Int+3
                  | Dex+5} (You found it in a Gauntlet)
 19339 | Gauntlet | Identified the ring "Itrev" {Str+3 Stlth-} (You found it in
                  | a Gauntlet)
 19609 | D:11     | Reached XP level 16. HP: 107/107 MP: 27/27
 19638 | D:11     | Found Quturan's General Store.
 20035 | D:12     | Found Gintusant's Distillery.
 20249 | D:12     | Noticed Josephine
 20256 | D:12     | Killed Josephine
 20531 | D:12     | Found a runed translucent gate.
 20531 | D:12     | Found a runed translucent gate.
 20531 | D:12     | Found a runed translucent gate.
 20533 | D:12     | Noticed flt's ghost (journeyman OgHu)
 20795 | D:12     | Found a shimmering blue altar of Sif Muna.
 20953 | D:13     | Noticed Frances
 20960 | D:13     | Killed Frances
 20960 | D:13     | Reached skill level 15 in Fighting
 21396 | D:13     | You fall into a shaft and drop 2 floors!
 21396 | D:15     | Entered Level 15 of the Dungeon
 21462 | D:15     | Reached XP level 17. HP: 49/113 MP: 28/28
 21571 | D:15     | Found a staircase to the Depths.
 21685 | D:15     | Found an iron altar of Okawaru.
 21748 | D:14     | Found a flagged portal.
 21766 | Bailey   | Entered a bailey
 22173 | Bailey   | Reached skill level 5 in Shields
 22173 | Bailey   | Reached XP level 18. HP: 119/119 MP: 29/29
 22174 | Bailey   | Reached XP level 19. HP: 124/124 MP: 30/30
 22960 | D:14     | Reached skill level 16 in Invocations
 23024 | D:14     | Found a gate to the Vaults.
 23443 | D:14     | Reached skill level 1 in Evocations
 23789 | D:15     | Found a white marble altar of Elyvilon.
 23869 | D:15     | Reached skill level 10 in Shields
 24399 | D:15     | Found an iron altar of Okawaru.
 24616 | Orc:1    | Entered Level 1 of the Orcish Mines
 24803 | Orc:1    | Found a roughly hewn altar of Beogh.
 24816 | Orc:1    | Paralysed by an orc sorcerer for 5 turns
 25356 | Swamp:1  | Entered Level 1 of the Swamp
 25607 | Swamp:1  | Identified the Papyrus of Clay
 26778 | Swamp:3  | Reached skill level 5 in Evocations
 26792 | Swamp:3  | Reached XP level 20. HP: 131/131 MP: 32/32
 27299 | Swamp:4  | Entered Level 4 of the Swamp
 27303 | Swamp:4  | Noticed Roxanne
 27334 | Swamp:4  | Killed Roxanne
 27478 | Swamp:4  | Noticed Aizul
 27498 | Swamp:4  | Killed Aizul
 27617 | Swamp:4  | Identified a scroll of acquirement
 27617 | Swamp:4  | Acquired a +1 hat of magic resistance
 27829 | Swamp:4  | Acquired the amulet of Maidyot {Spirit rElec rN+ Str+2
                  | Int-2}
 27862 | Swamp:4  | Got a decaying rune of Zot
 27905 | Swamp:4  | Noticed Mara
 27906 | Swamp:4  | Noticed Nikola
 27912 | Swamp:4  | Noticed Kinoniko's illusion
 27932 | Swamp:4  | Killed Nikola
 28094 | Swamp:4  | Noticed Kinoniko's illusion
 28665 | Swamp:4  | Noticed Kinoniko's illusion
 28672 | Swamp:4  | Killed Mara
 28672 | Swamp:4  | Reached skill level 17 in Invocations
 29132 | Shoals:1 | Entered Level 1 of the Shoals
 29152 | Shoals:1 | Found Moilaupp's Magic Scroll Shoppe.
 30257 | Shoals:2 | Found Wexzov's Assorted Antiques.
 31601 | Shoals:3 | Found Obre's Antique Weapon Boutique.
 31830 | Shoals:4 | Entered Level 4 of the Shoals
 31869 | Shoals:4 | Reached XP level 21. HP: 138/138 MP: 16/33
 32357 | Shoals:4 | Got a barnacled rune of Zot
 33929 | Vaults:1 | Entered Level 1 of the Vaults
 34102 | Vaults:1 | Reached skill level 10 in Evocations
 34597 | Vaults:1 | Found a portal to a secret trove of treasure.
 35388 | Vaults:2 | Found an ornate altar of the Wu Jian Council.
 35845 | Vaults:2 | Found Wontenidi's Distillery.
 35895 | Vaults:2 | Found a staircase to the Crypt.
 35980 | Vaults:2 | Reached skill level 18 in Invocations
 35982 | Vaults:2 | Reached XP level 22. HP: 145/145 MP: 31/35
 38321 | Vaults:4 | Cast into level 2 of the Abyss (ogre mage)
 38321 | Abyss:2  | Found a corrupted altar of Lugonu.
 38359 | Abyss:2  | Found a corrupted altar of Lugonu.
 38453 | Abyss:2  | Noticed a profane servitor
 38467 | Abyss:2  | Killed a profane servitor
 38584 | Abyss:2  | Gained mutation: Armour fits poorly on your strangely
                  | shaped body. [a neqoxec]
 38585 | Vaults:4 | Escaped the Abyss
 38590 | Vaults:4 | Reached XP level 23. HP: 152/152 MP: 34/36
 39435 | Vaults:4 | Reached skill level 15 in Shields
 39941 | Orc:2    | Entered Level 2 of the Orcish Mines
 39942 | Orc:2    | Found a roughly hewn altar of Beogh.
 40048 | Orc:2    | Found Gishrosug's Armour Shoppe.
 40070 | Orc:2    | Found Ituz's Antique Weapon Boutique.
 40289 | Orc:2    | Found Helarchao's Antique Weapon Boutique.
 40317 | Orc:2    | Found Usept's General Store.
 40323 | Orc:2    | Paralysed by an orc sorcerer for 4 turns
 40412 | Orc:2    | Found a staircase to the Elven Halls.
 40417 | Orc:2    | Found Mudwaewn's Book Emporium.
 40562 | Orc:2    | Found a roughly hewn altar of Beogh.
 41025 | Depths:1 | Entered Level 1 of the Depths
 41029 | Depths:1 | Reached skill level 19 in Invocations
 41580 | Depths:1 | Found a gateway to a ziggurat.
 41638 | Depths:1 | Found a gateway to Hell.
 41806 | Depths:1 | Paralysed by a floating eye for 3 turns
 41810 | Depths:1 | Paralysed by a floating eye for 2 turns
 41815 | Depths:1 | Paralysed by a floating eye for 4 turns
 41825 | Depths:1 | Paralysed by a floating eye for 4 turns
 41834 | Depths:1 | Paralysed by a floating eye for 3 turns
 41842 | Depths:1 | Paralysed by a floating eye for 4 turns
 41869 | Depths:1 | Lost mutation: Armour fits poorly on your strangely shaped
                  | body. [potion of mutation]
 41869 | Depths:1 | Gained mutation: You tend to lose your temper in combat.
                  | [potion of mutation]
 41869 | Depths:1 | Gained mutation: You expend magic power (3 MP) to
                  | strengthen your wands. [potion of mutation]
 41870 | Depths:1 | Lost mutation: You tend to lose your temper in combat.
                  | [potion of mutation]
 41870 | Depths:1 | Lost mutation: You expend magic power (3 MP) to strengthen
                  | your wands. [potion of mutation]
 41870 | Depths:1 | Gained mutation: Potions are less effective at restoring
                  | your health. [potion of mutation]
 41870 | Depths:1 | Gained mutation: You are robust. (+10% HP) [potion of
                  | mutation]
 41871 | Depths:1 | Lost mutation: You are robust. (+10% HP) [potion of
                  | mutation]
 41871 | Depths:1 | Lost mutation: Potions are less effective at restoring your
                  | health. [potion of mutation]
 41871 | Depths:1 | Gained mutation: You have sharp toenails. [potion of
                  | mutation]
 41871 | Depths:1 | Gained mutation: Scrolls take you a little longer to read.
                  | [potion of mutation]
 41871 | Depths:1 | Gained mutation: Your mind is acute. (Int +2) [potion of
                  | mutation]
 41874 | Depths:1 | Lost mutation: Your mind is acute. (Int +2) [potion of
                  | mutation]
 41874 | Depths:1 | Lost mutation: Scrolls take you a little longer to read.
                  | [potion of mutation]
 41874 | Depths:1 | Gained mutation: Scrolls take you a little longer to read.
                  | [potion of mutation]
 41874 | Depths:1 | Gained mutation: You are resistant to hostile enchantments.
                  | (MR+) [potion of mutation]
 41875 | Depths:1 | Lost mutation: You have sharp toenails. [potion of
                  | mutation]
 41875 | Depths:1 | Lost mutation: Scrolls take you a little longer to read.
                  | [potion of mutation]
 41875 | Depths:1 | Gained mutation: You possess an exceptional clarity of
                  | mind. [potion of mutation]
 41875 | Depths:1 | Gained mutation: You are clumsy. (Dex -2) [potion of
                  | mutation]
 41875 | Depths:1 | Gained mutation: You have a pair of small antennae on your
                  | head. [potion of mutation]
 42349 | Depths:2 | Noticed a golden dragon
 42350 | Depths:2 | Noticed a juggernaut
 42351 | Depths:2 | Noticed a caustic shrike
 42373 | Depths:2 | Killed a golden dragon
 42373 | Depths:2 | Reached XP level 24. HP: 113/160 MP: 19/36
 42375 | Depths:2 | Found the +7 Spriggan's Knife {stab, EV+4 Stlth+}
 42396 | Depths:2 | Killed a juggernaut
 42812 | Depths:2 | Killed a caustic shrike
 43638 | Depths:3 | Reached skill level 15 in Evocations
 43690 | Depths:3 | Found a large runed translucent door.
 43693 | Depths:3 | Found a large runed translucent door.
 43694 | Depths:3 | Found a large runed translucent door.
 43695 | Depths:3 | Found a large runed translucent door.
 44097 | Depths:3 | Found a large runed translucent door.
 44099 | Depths:3 | Found a large runed translucent door.
 44320 | Depths:3 | Found a large runed translucent door.
 44321 | Depths:3 | Found a large runed translucent door.
 44423 | Depths:3 | Found a one-way gate leading to the halls of Pandemonium.
 44602 | Depths:3 | Noticed Boris
 44634 | Depths:3 | Killed Boris
 44922 | Depths:4 | Found a one-way gate to the infinite horrors of the Abyss.
 45044 | Depths:4 | Identified the ring of Eternal Night {Str+5 Int+6}
 45060 | Depths:4 | Noticed a caustic shrike
 45080 | Depths:4 | Killed a caustic shrike
 45149 | Depths:4 | Reached XP level 25. HP: 158/166 MP: 19/36
 45150 | Depths:4 | Paralysed by a floating eye for 2 turns
 45967 | Depths:4 | Reached skill level 20 in Invocations
 46320 | Depths:5 | Entered Level 5 of the Depths
 46431 | Depths:5 | Paralysed by a floating eye for 3 turns
 46442 | Depths:5 | Paralysed by a floating eye for 2 turns
 46473 | Depths:5 | Found a gate to the Realm of Zot.
 46473 | Depths:5 | Cast into level 2 of the Abyss (a deep elf demonologist)
 46474 | Abyss:2  | Quit the game

Illustrated notes

Levels and vault maps discovered:
D:1:      moated_graveyard_arrival, layout_basic
D:2:      minmay_alternating_diamond, layout_rooms, lemuel_doored_altar,
          chequers_ecumenical_altar_simple
D:3:      minmay_door_path, layout_loops_cross, nicolae_overflow_crystal_walls
D:4:      layout_basic
D:5:      layout_basic, kennysheep_generic_room_9, uniq_blork_the_orc,
          uniq_edmund
D:6:      layout_gridville, marbit_many_paths, nicolae_overflow_hidden_temple,
          minmay_temple_entry_statues_pillars, basic_altar, serial_shops,
          nicolae_shop_overgrown_old_shop, uniq_eustachio
D:7:      layout_basic, lemuel_blue_sif_altar, serial_shops, shop, basic_altar
D:8:      layout_rooms, david_lair_generic, minmay_crystal_room,
          lemuel_another_geyser
D:9:      layout_basic, tgw_trog, orc_0_dummy, basic_altar,
          ebering_ghost_funeral_grove
D:10:     layout_layer_cave, minmay_checkerbox, uniq_maggie, uniq_fannar
D:11:     layout_roguey, serial_shops, nicolae_shop_waterfront,
          gauntlet_entry_generic, hangedman_abyss_or_decor_lesser_grid,
          nicolae_qazlal_eye_of_the_storm, uniq_nergalle
D:12:     layout_cave_pods, serial_shops, shop, maelrawn_ghost_gauntlet_escape,
          david_defended_altar_elf, uniq_josephine
D:13:     layout_basic, uniq_frances
D:14:     layout_stronghold, lightli_vaults_fourway_checkpoint,
          skrybe_limestone_x, enter_bailey_2
D:15:     gammafunk_enter_depths_forms, layout_irregular_city, basic_altar,
          drop_trap, hangedman_feature_mirror, einodemon_barbed_minivault
Temple:   eino_temple_rhombus
Lair:1:   layout_layer_cave, portal_ice_cave_demonic_guard
Lair:2:   layout_big_grid, palyth_hydra_swamp_entry, enter_volcano_2,
          grunt_megastairs_4, infiniplex_staircase_pool,
          minmay_lair_oklob_chamber
Lair:3:   layout_concentric_octagons, fungi_pond_lemuel, beast_lair_carwin_3
Lair:4:   layout_hall_layers, elwin_shoals_entry_rocks,
          chequers_serial_rivers_small_b, uniq_urug
Lair:5:   layout_gridlike, slime_altar_1, special_room
          [special_room_mythical_zoo]
Lair:6:   wormcave, layout_regular_city, hangedman_lair_caniforms_friends,
          grunt_megastairs_1
Swamp:1:  layout_basic_swamp, serial_swamp_ruin, evilmike_swamp_ruin_rubble_2,
          evilmike_swamp_ruin_house_5, swamp_pool1
Swamp:2:  layout_basic_swamp, evilmike_swamp_ruin_house_1, swamp_pool4
Swamp:3:  layout_basic_swamp, nicolae_swamp_treefoil, swamp_pool3,
          hangedman_swamp_dais
Swamp:4:  swamp, layout_basic_swamp, uniq_nikola, uniq_roxanne, uniq_aizul,
          uniq_mara
Shoals:1: layout_shoals, serial_shops, shop
Shoals:2: layout_shoals, serial_shops, nicolae_shop_stone,
          nicolae_shoals_so_close
Shoals:3: layout_shoals, serial_shops, shop
Shoals:4: shoals_end_simple, layout_shoals, nicolae_shoals_drake_roost
Orc:1:    layout_caves, basic_altar
Orc:2:    st_orc_town, layout_caves, serial_shops, shop_fountains, basic_altar
Vaults:1: ontoclasm_vaults_shuriken, v_misc_33, grunt_vaults_diagonal,
          nicolae_vaults_theta, hangedman_vaults_capsules,
          ontoclasm_vaults_spin, vaults_dpeg_spiral, grunt_vaults_trifunnel,
          hangedman_vaults_corner, v_misc_5, vaults_room_grid, v_misc_8,
          nicolae_vaults_little_squares_5, layout_vaults_big_cross,
          nicolae_trove_entry_free_sample
Vaults:2: grunt_vaults_funnel, vaults_room_grunt_arrival_ludios,
          minmay_crypt_entry_simple_box, nicolae_vaults_ring_of_whatevers,
          v_misc_8, vaults_room_stairs_pillars, nicolae_vaults_little_ls,
          vaults_room_guarded_vault, layout_vaults_omnigrid, serial_shops, shop,
          basic_altar
Vaults:3: ontoclasm_vaults_chip, ontoclasm_vaults_claustrophobia,
          hangedman_vaults_nodes, v_pattern_3, st_squares, v_misc_9,
          v_alt_pattern_6, nicolae_vaults_angled_halls,
          ontoclasm_vaults_loading_screen, v_misc_1,
          nicolae_vaults_ring_of_whatevers, layout_vaults_omnibox
Vaults:4: nicolae_vaults_windows_and_doors_thing, vaults_mumra_minichess,
          v_rooms_5, nicolae_vaults_rhombus_5, v_misc_4,
          nicolae_vaults_back_hallway, hangedman_vaults_cutoff,
          ontoclasm_vaults_bender, vaults_room_pools, ontoclasm_vaults_gateway,
          layout_vaults_big_room
Depths:1: layout_long_grid, enter_ziggurat_b, hangedman_coc_ice_floe,
          minmay_misc_feat_columns, minmay_fountain_box, hangedman_eye_storm
Depths:2: minmay_the_grid_triangle_9x9_rhombus_thin
          [minmay_the_grid_triangle_9x9_cache,
          minmay_the_grid_triangle_9x9_prize_insulated,
          minmay_the_grid_triangle_9x9_skeleton,
          minmay_the_grid_triangle_9x9_descending_squares], layout_honeycomb,
          grunt_metal_band, corexii_hall_statues_l, serial_bayou_shore_b,
          minmay_staircase_bubble, serial_bayou_shore_b
Depths:3: minmay_five_octagons, layout_basic, hell_entry,
          rand_demon_pan_entry_4, serial_sigils, serial_sigils_hangedman_scar,
          serial_sigils_hangedman_quiver, serial_sigils_hangedman_gut,
          serial_sigils_hangedman_writhe, uniq_boris
Depths:4: evilmike_hourglass, layout_basic, hangedman_decor_slide_cut,
          abyss_entry, grunt_hell_entry_dis_mu, infiniplex_staircase_pillars_1,
          firewood_loft
Depths:5: hangedman_pleasuredromes, hell_entry
Abyss:2:  base: D:6, base: D:6, hangedman_decor_lopped, base: Temple,
          evilmike_abyss_exit_kraken, bh_silent_lugonu_exit

Skill      XL: |  1  2  3  4  5  6  7  8  9 10 11 12 13 14 15 16 17 18 19 20 21 22 23 24 25 |
---------------+----------------------------------------------------------------------------+-----
Maces & Flails | 4 5 6 7 9 10 11 13 14 15 16 17 18 19 | 19.9
Fighting       | 4 5 6 7 8 9 10 11 12 13 14 15 16 17 18 19 | 19.7
Armour         | 1 2 3 5 6 7 |  7.3
Dodging        | 3 4 6 7 8 |  8.4
Invocations    | 5 8 10 12 14 15 16 17 18 19 20 | 20.1
Shields        | 5 8 11 12 13 14 15 16 | 16.6
Evocations     | 5 8 11 12 14 15 16 | 16.1
Stealth        | |  2.1

Action                   |  1- 3 |  4- 6 |  7- 9 | 10-12 | 13-15 | 16-18 | 19-21 | 22-24 | 25-27 || total
-------------------------+-------+-------+-------+-------+-------+-------+-------+-------+-------++-------
Melee: Mace              |    93 |       |       |       |       |       |       |       |       ||    93
       Whip              |       |   258 |    52 |       |       |       |       |       |       ||   310
       Dire flail        |       |       |   292 |   527 |   145 |       |       |       |       ||   964
       Eveningstar       |       |       |       |       |   949 |   447 |  1941 |  1930 |   284 ||  5551
Invok: Lesser Servant of |       |       |       |     4 |     2 |       |       |       |       ||     6
       Greater Servant o |       |       |       |       |       |       |     1 |       |       ||     1
 Abil: Fly               |       |       |       |       |       |       |     1 |       |       ||     1
       Stop Flying       |       |       |       |       |       |       |     1 |       |       ||     1
  Use: Scroll            |       |    15 |    12 |    13 |    10 |     4 |    32 |     9 |     2 ||    97
       Potion            |       |       |     1 |     3 |     5 |     9 |     9 |     9 |     4 ||    40
 Stab: Sleeping          |     5 |     1 |       |     3 |       |       |       |       |       ||     9
       Distracted        |       |       |       |     2 |       |       |       |       |       ||     2
       Confused          |       |       |       |       |       |       |     1 |       |       ||     1
       Invisible         |       |       |       |       |       |       |     1 |       |       ||     1
       Petrified         |       |       |       |       |       |       |       |       |     7 ||     7
Armor: Robe              |    33 |       |       |       |       |       |       |       |       ||    33
       Ring mail         |       |    85 |       |       |       |       |       |       |       ||    85
       Chain mail        |       |    11 |   160 |       |       |       |       |       |       ||   171
       Troll leather arm |       |       |     3 |   118 |       |       |       |       |       ||   121
       Scale mail        |       |       |       |    78 |   771 |   184 |   803 |   432 |       ||  2268
       Gold dragon scale |       |       |       |       |       |       |       |   420 |   273 ||   693
Dodge: Dodged            |    70 |   104 |   110 |   205 |   588 |   269 |   799 |   593 |    76 ||  2814
Block: Other             |       |    32 |    67 |    83 |   265 |    84 |       |       |       ||   531
       Reflection        |       |     1 |     5 |     4 |     2 |     5 |   123 |   115 |    12 ||   267
       Tower shield      |       |       |       |       |       |       |  2267 |  2454 |   464 ||  5185

Table legend: (Time is in decaauts)
 A = Elapsed time spent in this place.
 B = Non-inter-level travel time spent in this place.
 C = Inter-level travel time spent in this place.
 D = Time resting spent in this place.
 E = Time spent auto-exploring this place.
 F = Levels seen in this place.
 G = Mean time per level.
                   A        B        C        D        E       F      G
               +--------+--------+--------+--------+--------+-----+--------+
         Total |  44979 |  40349 |   4630 |   5691 |  24485 |  47 |  957.0 |
       Dungeon |  14532 |  12564 |   1968 |   1665 |   8157 |  15 |  968.8 |
        Temple |     73 |     63 |     10 |     61 |      0 |   1 |   73.0 |
          Lair |   8908 |   7420 |   1488 |   1817 |   4157 |   6 | 1484.7 |
         Swamp |   3620 |   3399 |    221 |    924 |   1713 |   4 |  905.0 |
        Shoals |   4178 |   3954 |    224 |    327 |   2772 |   4 | 1044.5 |
  Orcish Mines |   1260 |   1165 |     95 |      0 |    853 |   2 |  630.0 |
        Vaults |   5513 |   5092 |    421 |    340 |   3379 |   4 | 1378.2 |
        Depths |   5150 |   4950 |    200 |    207 |   3272 |   5 | 1030.0 |
         Abyss |    245 |    245 |      0 |      5 |     50 |   2 |  122.5 |
        Bailey |    393 |    393 |      0 |     31 |     39 |   1 |  393.0 |
      Ice Cave |     78 |     78 |      0 |      0 |      0 |   1 |   78.0 |
       Volcano |    451 |    451 |      0 |     94 |      0 |   1 |  451.0 |
      Gauntlet |    574 |    574 |      0 |    220 |     92 |   1 |  574.0 |
               +--------+--------+--------+--------+--------+-----+--------+

Top non-repeatable levels by time:
  Lair:2: 2078 daAuts
  Lair:6: 1790 daAuts
Shoals:4: 1718 daAuts
Vaults:2: 1515 daAuts
Vaults:1: 1506 daAuts
  Lair:4: 1481 daAuts
  Lair:1: 1480 daAuts
Depths:4: 1405 daAuts
Vaults:3: 1304 daAuts
Depths:2: 1294 daAuts
Depths:3: 1269 daAuts
 Swamp:3: 1190 daAuts
    D:14: 1189 daAuts
Vaults:4: 1187 daAuts
     D:2: 1157 daAuts
